Map: [ESL] Blackburn

Players

Bunny

  • Race: Terran Terran

Rogue - Winner!

  • Race: Zerg Zerg

Event: IEM Katowice 2022

VOD

Have the link to the VOD?

Description

Time

  • Played on: Feb. 26, 2022, 5:55 p.m.
  • Length: 20:05

All games in this series

Show
View Real Time Build Order
Export as new Build Order

Bunny Terran 

Build Orders: Reaper Expand 

Get SALT Encoding   

  12  0:00  SCV  
  13  0:12  SCV  
  14  0:17  Supply Depot  
  14  0:24  SCV  
  15  0:38  SCV  
  15  0:41  Barracks  
  16  0:43  Refinery  
  16  0:50  SCV  
  17  1:03  SCV  
  18  1:15  SCV  
  19  1:27  Reaper, Orbital Command  
  20  1:39  Command Center  
  20  1:50  Supply Depot  
  20  1:53  SCV  
  21  1:59  Marine  
  22  2:05  SCV  
  23  2:08  Factory  
  23  2:17  SCV  
  23  2:18  Refinery  
  23  2:20  Barracks Reactor  
  24  2:29  SCV  
  25  2:41  SCV  
  26  2:51  Orbital Command  
  26  2:53  SCV, Starport  
  27  3:03  Hellion x2  
  27  3:04  Marine  
  33  3:05  SCV  
  33  3:17  SCV x2  
  35  3:22  Marine  
  35  3:25  Widow Mine x2  
  35  3:27  Supply Depot  
  40  3:29  SCV x2  
  40  3:31  Medivac  
  44  3:37  Armory  
  44  3:40  Marine  
  45  3:43  SCV  
  45  3:45  SCV  
  46  3:49  Supply Depot  
  46  3:50  Hellion  
  46  3:55  Hellion  
  50  3:58  Marine  
  50  4:00  Medivac  
  53  4:04  SCV  
  54  4:10  SCV  
  54  4:12  Supply Depot, Hellion  
  54  4:16  Hellion, Marine  
  54  4:17  SCV  
  61  4:26  SCV  
  62  4:33  SCV  
  62  4:36  Hellion  
  62  4:37  Starport Tech Lab, Hellion  
  67  4:38  Barracks Tech Lab  
  67  4:45  SCV  
  68  4:46  Supply Depot, SCV  
  69  4:57  SCV  
  69  4:58  Stimpack  
  70  5:00  SCV  
  70  5:04  Banshee  
  68  5:12  Hellion x2  
  66  5:14  SCV x2  
  66  5:15  Marine  
  66  5:18  Command Center  
  64  5:28  SCV x2  
  63  5:39  Marine  
  63  5:43  SCV  
  63  5:44  SCV  
  59  5:50  Barracks  
  59  5:51  Barracks  
  59  5:53  Refinery  
  59  5:54  Engineering Bay  
  59  5:56  Engineering Bay  
  57  5:57  Marine  
  57  5:58  SCV x2  
  57  5:59  Refinery  
  57  6:04  Starport Reactor  
  60  6:09  Supply Depot  
  60  6:10  SCV x2  
  62  6:14  Siege Tank  
  62  6:15  Barracks  
  65  6:18  Barracks  
  65  6:21  Terran Infantry Weapons Level 1  
  65  6:23  SCV x2, Terran Infantry Armor Level 1  
  67  6:29  Marauder  
  69  6:36  SCV x2  
  69  6:39  Supply Depot, Marine x2  
  73  6:43  Combat Shield  
  73  6:47  Marine, Starport Reactor, Siege Tank  
  73  6:48  Marine  
  73  6:51  Marauder  
  80  6:54  SCV  
  80  6:55  SCV  
  80  6:57  Marine x2  
  84  7:01  Supply Depot  
  84  7:03  Barracks Tech Lab  
  84  7:04  Orbital Command  
  84  7:05  Supply Depot  
  84  7:07  Barracks Reactor  
  84  7:09  Marine x2  
  84  7:11  SCV x2  
  84  7:12  Marauder  
  84  7:15  Marine x2  
  92  7:21  Siege Tank  
  95  7:24  SCV x2, Armory, Factory  
  95  7:26  Marauder  
  95  7:27  Concussive Shells  
  95  7:29  Supply Depot  
  99  7:30  Marine x2  
  99  7:32  SCV  
  99  7:36  SCV, Marauder, Marine  
  106  7:38  Marine  
  106  7:44  Terran Vehicle Weapons Level 1, Marine x2  
  107  7:47  Marine  
  107  7:48  Supply Depot, Marine, Medivac  
  107  7:50  Medivac  
  115  7:57  Marauder  
  117  7:59  Siege Tank  
  117  8:04  Marine x2  
  117  8:05  Marine x4  
  124  8:06  Supply Depot x2  
  124  8:07  Supply Depot  
  126  8:13  Marauder  
  126  8:15  Factory Tech Lab  
  126  8:16  SCV x3  
  131  8:22  Marine x3  
  131  8:23  Marine x2  
  131  8:25  Marauder  
  138  8:27  Supply Depot x2  
  138  8:31  Siege Tank  
  139  8:35  Marine  
  139  8:37  Siege Tank  
  139  8:38  Marauder  
  139  8:40  Marine x4  
  139  8:41  Marine  
  150  8:43  Missile Turret  
  150  8:46  Marauder  
  154  8:52  Marine  
  153  8:58  Refinery x2, Marine x4  
  153  8:59  Marine  
  153  9:00  Marauder  
  153  9:01  Medivac  
  162  9:03  Siege Tank  
  162  9:08  Marauder  
  162  9:09  Supply Depot, Medivac  
  169  9:15  Marine  
  169  9:16  Marine x3  
  170  9:19  Marine x2  
  170  9:21  Marauder  
  171  9:24  Siege Tank  
  171  9:29  Marauder  
  176  9:33  Marine x2, Medivac  
  176  9:34  Marine x2  
  176  9:35  Supply Depot  
  182  9:39  Medivac  
  182  9:41  Marine  
  182  9:42  Marine x2  
  189  9:53  Marauder  
  189  9:57  Marine, Siege Tank  
  189  9:58  Marine x3  
  191  10:00  Marauder  
  191  10:06  Marine x2  
  191  10:09  Siege Tank  
  194  10:14  Marauder  
  194  10:15  Marine x4  
  189  10:22  Marauder  
  189  10:24  Marine x2  
  183  10:29  Siege Tank  
  183  10:33  Marine x4  
  192  10:35  Marauder  
  192  10:42  Siege Tank  
  195  10:43  Marauder  
  195  10:46  Marine x2  
  195  10:49  SCV x3  
  196  10:51  Marine x2  
  197  11:01  Marine x2  
  196  11:04  Marine  
  196  11:08  Marine, Marauder  
  197  11:15  Marauder  
  197  11:16  Marine x2  
  197  11:19  Marine x2  
  197  11:27  Supply Depot  
  197  11:29  Ghost Academy  
  197  11:31  Marine x2  
  197  11:33  Command Center  
  197  11:36  Marine  
  197  11:37  Marauder x2, Marine x3  
  197  11:38  Siege Tank  
  182  11:47  Siege Tank  
  182  11:49  Marine, Liberator x2  
  182  11:58  Marauder x2  
  182  12:01  SCV x3  
  178  12:07  Marine x4  
  178  12:08  Marine x2  
  180  12:10  Siege Tank  
  178  12:19  Marauder, Siege Tank  
  178  12:20  Marauder  
  179  12:25  Marine x2  
  181  12:32  Liberator  
  181  12:34  Marine  
  181  12:35  Marine x2  
  187  12:41  Marauder x2  
  187  12:42  Siege Tank  
  186  12:45  Liberator  
  186  12:47  Marine x2  
  186  12:48  Marine  
  186  12:59  Terran Infantry Weapons Level 2  
  186  13:02  Marauder x2  
  186  13:05  Terran Infantry Armor Level 2  
  189  13:14  Siege Tank x2  
  189  13:18  Liberator  
  198  13:25  Marine  
  178  13:38  Marine x3  
  165  13:45  Planetary Fortress  
  165  13:46  Siege Tank x2  
  165  13:47  Refinery x2  
  169  13:48  Medivac  
  165  13:58  Ghost  
  165  14:00  Marine x7  
  165  14:01  Medivac  
  162  14:18  Ghost, Marine x6, Siege Tank  
  162  14:20  Medivac  
  171  14:27  Ghost  
  171  14:29  Siege Tank  
  168  14:32  SCV x2  
  168  14:33  SCV x2  
  168  14:35  Marine  
  168  14:36  Marine x2  
  168  14:37  Missile Turret  
  175  14:43  Marine x2  
  176  14:51  Medivac x2  
  174  14:57  Refinery  
  171  15:00  Marine x3  
  171  15:06  Orbital Command  
  171  15:10  Siege Tank x2  
  170  15:18  Ghost x2  
  167  15:24  Marine  
  167  15:27  Medivac  
  163  15:29  Marine  
  136  15:53  Ghost, Siege Tank x2  
  136  15:56  Marine x4  
  141  16:05  Ghost  
  143  16:17  Marine  
  143  16:18  Marine  
  145  16:25  Siege Tank x2  
  149  16:37  Ghost  
  149  16:39  Marine  
  147  16:52  Marine  
  147  16:53  Marine x3  
  151  16:56  Marine  
  151  16:57  Siege Tank  
  155  17:01  Medivac  
  155  17:02  Orbital Command  
  155  17:06  Marine  
  155  17:10  Marine x4  
  155  17:13  Medivac  
  155  17:14  Marine  
  144  17:22  Ghost Academy  
  144  17:24  Marine, Siege Tank  
  144  17:28  Marine x2  
  141  17:31  Refinery  
  141  17:32  Refinery  
  141  17:33  SCV  
  142  17:37  Personal Cloaking  
  142  17:45  SCV  
  142  17:47  Missile Turret  
  142  17:48  Sensor Tower  
  143  17:59  Missile Turret  
  143  18:02  Siege Tank x2  
  149  18:19  Ghost  
  148  18:20  Ghost  
  152  18:32  Barracks  
  152  18:33  Marine x4  
  153  18:35  Siege Tank x2  
  159  18:43  Command Center  
  159  18:55  Liberator x2  
  165  19:01  Ghost  
  167  19:08  Marine x4  
  110  19:42  Marine  
Show
View Real Time Build Order
Export as new Build Order

Rogue Zerg - Winner!

Build Orders: Hatch First, Lurkers 

Get SALT Encoding   

  12  0:00  Drone  
  13  0:12  Overlord  
  13  0:17  Drone  
  14  0:31  Drone x2  
  16  0:48  Hatchery  
  15  0:51  Drone  
  15  0:54  Drone  
  17  0:57  Drone  
  18  1:09  Extractor  
  17  1:13  Spawning Pool  
  17  1:16  Drone  
  17  1:19  Drone  
  18  1:28  Drone  
  19  1:39  Drone  
  20  1:50  Drone  
  21  2:00  Queen x2  
  21  2:01  Zergling x4  
  27  2:12  Overlord, Zergling x2  
  28  2:31  Drone x2  
  28  2:35  Drone x2  
  28  2:36  Queen  
  34  2:45  Overlord  
  34  2:52  Hatchery  
  34  2:54  Drone  
  34  2:55  Drone  
  36  2:58  Drone  
  36  3:04  Drone  
  36  3:05  Drone  
  38  3:09  Drone x3  
  41  3:15  Queen  
  43  3:20  Overlord  
  43  3:24  Roach Warren  
  43  3:25  Drone  
  43  3:26  Drone  
  44  3:41  Drone x3  
  47  3:44  Overlord  
  47  3:46  Overlord  
  47  3:52  Queen  
  49  3:58  Overlord  
  49  4:05  Queen  
  51  4:14  Roach x7  
  51  4:16  Roach  
  67  4:24  Extractor  
  67  4:26  Drone x7  
  67  4:29  Drone  
  74  4:34  Spore Crawler, Drone  
  74  4:38  Spore Crawler  
  72  4:49  Drone x2  
  72  4:52  Spore Crawler, Drone  
  74  4:54  Drone  
  75  5:00  Ravager  
  75  5:02  Drone x3  
  75  5:05  Drone x2  
  75  5:06  Overlord  
  81  5:11  Ravager  
  81  5:13  Drone  
  81  5:14  Drone  
  82  5:16  Overlord  
  82  5:18  Overlord  
  82  5:19  Overlord  
  80  5:22  Ravager  
  80  5:24  Drone x2  
  80  5:25  Overlord  
  80  5:27  Drone  
  83  5:33  Drone x5  
  82  5:38  Drone x2  
  82  5:39  Drone  
  82  5:41  Lair  
  77  5:44  Extractor x2  
  77  5:45  Roach  
  77  5:47  Roach  
  79  5:51  Roach  
  79  5:54  Drone  
  79  5:55  Drone x2  
  79  5:56  Drone  
  79  5:57  Drone x4, Extractor  
  83  5:58  Extractor  
  83  6:02  Evolution Chamber x2  
  83  6:03  Drone x3  
  85  6:12  Drone  
  85  6:15  Metabolic Boost  
  86  6:19  Roach  
  86  6:20  Hatchery, Roach x2  
  86  6:24  Roach x2  
  95  6:29  Overlord  
  95  6:31  Roach x3  
  102  6:32  Roach  
  102  6:35  Roach  
  102  6:39  Glial Reconstitution  
  104  6:42  Drone x5  
  109  6:47  Overlord  
  109  6:49  Zerg Ground Armor Level 1  
  109  6:50  Drone  
  109  6:53  Overlord  
  110  6:59  Zerg Missile Weapons Level 1  
  110  7:01  Spore Crawler  
  109  7:02  Drone x2  
  109  7:03  Overseer, Drone x4  
  109  7:05  Drone  
  109  7:07  Drone  
  109  7:08  Overlord  
  117  7:10  Extractor  
  117  7:12  Extractor  
  117  7:14  Infestation Pit, Drone  
  117  7:15  Drone x2  
  117  7:18  Roach  
  117  7:19  Roach  
  117  7:20  Overlord  
  117  7:22  Overlord  
  121  7:23  Drone  
  121  7:29  Roach x3  
  128  7:32  Overlord  
  128  7:36  Overlord  
  128  7:37  Hydralisk Den, Ravager x3  
  127  7:38  Ravager  
  131  7:50  Drone x6  
  137  7:51  Hatchery  
  137  7:56  Hive  
  137  7:57  Roach x3  
  142  7:59  Roach  
  142  8:00  Ravager x2  
  146  8:08  Lurker Den, Zergling x2  
  146  8:09  Zergling x12  
  149  8:13  Overlord  
  149  8:15  Roach x3  
  155  8:20  Overlord  
  155  8:21  Drone  
  155  8:22  Zergling x8  
  155  8:26  Overlord  
  161  8:27  Zergling x6  
  161  8:33  Spore Crawler  
  158  8:35  Hydralisk x3  
  158  8:36  Hydralisk x2  
  158  8:39  Drone  
  169  8:43  Ravager x3  
  169  8:46  Overlord  
  169  8:47  Hydralisk x3  
  178  8:49  Drone  
  178  8:54  Zerg Ground Armor Level 2, Zerg Missile Weapons Level 2  
  179  9:02  Extractor  
  178  9:03  Extractor  
  178  9:04  Spore Crawler  
  178  9:09  Adaptive Talons  
  176  9:11  Zergling x16  
  176  9:16  Lurker  
  181  9:17  Lurker x2  
  180  9:26  Overlord  
  180  9:29  Spore Crawler, Overlord  
  177  9:33  Viper  
  177  9:34  Viper  
  184  9:38  Lurker  
  184  9:40  Hatchery, Hydralisk x3  
  184  9:41  Zergling x20  
  186  10:00  Lurker x4  
  186  10:02  Hydralisk  
  179  10:10  Hydralisk  
  179  10:13  Hydralisk  
  179  10:14  Hydralisk x5  
  174  10:16  Zergling x2  
  174  10:17  Zergling x4  
  174  10:20  Seismic Spines  
  189  10:30  Lurker  
  189  10:31  Lurker, Zergling x2  
  189  10:32  Zergling x18  
  190  10:38  Lurker  
  186  10:45  Hydralisk x4, Lurker  
  184  10:51  Hydralisk  
  184  10:52  Lurker  
  184  10:54  Zergling x4  
  184  10:55  Zergling x28  
  192  11:00  Hydralisk x2  
  190  11:13  Hydralisk x2  
  190  11:14  Hydralisk x3  
  190  11:15  Lurker  
  195  11:18  Lurker  
  195  11:19  Hydralisk, Lurker x2  
  195  11:22  Zergling x2  
  200  11:32  Lurker x2  
  185  11:43  Lurker x2  
  185  11:45  Hydralisk x5  
  185  11:46  Hydralisk x2  
  187  11:47  Zergling x12  
  187  11:48  Zergling x2  
  187  11:52  Hydralisk  
  187  11:53  Hydralisk x2  
  189  11:56  Zergling x16  
  189  12:01  Hydralisk x3  
  187  12:02  Zergling x2  
  187  12:08  Zergling x12  
  191  12:14  Lurker  
  191  12:15  Lurker x3  
  194  12:16  Lurker  
  194  12:17  Zergling x6  
  194  12:22  Lurker  
  192  12:25  Zergling x12  
  192  12:29  Pneumatized Carapace  
  191  12:31  Nydus Network  
  191  12:33  Lurker, Zergling x2  
  188  12:44  Hydralisk x5  
  180  12:47  Drone  
  177  13:01  Lurker  
  177  13:02  Lurker x2  
  177  13:03  Zergling x2  
  177  13:04  Hydralisk x3, Zergling x4  
  170  13:06  Hydralisk  
  170  13:08  Hydralisk  
  172  13:16  Grooved Spines  
  172  13:18  Hydralisk, Nydus Canal  
  165  13:27  Hydralisk x2  
  165  13:33  Hydralisk  
  154  13:35  Hydralisk  
  144  13:42  Hydralisk x5  
  144  13:46  Nydus Canal  
  150  13:48  Hydralisk  
  150  13:49  Hydralisk  
  150  13:51  Hydralisk  
  153  14:00  Nydus Canal  
  153  14:01  Hydralisk x3  
  155  14:15  Hydralisk  
  155  14:16  Hydralisk x3  
  155  14:23  Hydralisk x3  
  157  14:27  Muscular Augments, Nydus Canal  
  157  14:28  Hydralisk  
  157  14:31  Lurker x3  
  155  14:37  Hydralisk x2  
  156  14:40  Lurker  
  156  14:42  Hydralisk x2  
  150  14:48  Hydralisk  
  150  14:49  Hydralisk  
  150  14:51  Hydralisk  
  146  14:55  Hydralisk  
  148  15:00  Hydralisk x3  
  148  15:02  Hydralisk  
  154  15:11  Hydralisk x3  
  156  15:28  Hydralisk x7, Nydus Canal  
  151  15:47  Hydralisk x6  
  161  15:50  Hydralisk  
  152  15:58  Nydus Canal  
  148  16:04  Hydralisk x4  
  148  16:08  Hydralisk  
  154  16:22  Hydralisk x6, Lurker  
  165  16:26  Overseer  
  165  16:28  Hydralisk x2  
  167  16:34  Hydralisk  
  167  16:35  Hydralisk  
  160  16:41  Hydralisk  
  138  16:50  Hydralisk x2  
  127  16:56  Hydralisk  
  127  17:00  Nydus Canal  
  127  17:05  Hydralisk x2  
  129  17:14  Hydralisk x3  
  129  17:15  Hydralisk  
  134  17:21  Hydralisk x2  
  138  17:23  Hydralisk  
  136  17:30  Zergling x6  
  136  17:34  Zergling x6  
  139  17:40  Lurker x2  
  139  17:41  Extractor  
  140  17:46  Zergling x12  
  146  18:02  Drone  
  147  18:07  Lurker x3  
  147  18:08  Lurker  
  147  18:10  Zergling x6  
  147  18:11  Zergling x2  
  155  18:14  Hatchery  
  155  18:15  Overlord  
  151  18:24  Overlord  
  148  18:28  Lurker x3  
  148  18:29  Lurker  
  148  18:31  Overlord  
  152  18:35  Drone  
  152  18:41  Nydus Canal  
  153  18:43  Drone x2  
  153  18:47  Overseer  
  155  18:51  Drone x2  
  157  19:06  Hydralisk x4  
  165  19:12  Zergling x6  
  150  19:28  Hydralisk  
  150  19:29  Hydralisk x2  
  146  19:34  Hydralisk x3  
  145  19:54  Lurker x3  

Tags
 
Add a new tag
Caveats
  • Supply blocks, unpowered buildings, or Contaminate may cause inaccurate times.
  • Supply counts are checked every 10 seconds.